Map: Złote Filary ER

Players

TheVertiego - Winner!

  • Race: Protoss Protoss
  • Spawn Location: 7:00

ketchupfreak

  • Race: Protoss Protoss
  • League: Diamond
  • Spawn Location: 1:00

VOD

Have the link to the VOD?

Description

Time

  • Played on: Jan. 10, 2021, 9:16 a.m.
  • Length: 13:02
Show
View Real Time Build Order
Export as new Build Order

TheVertiego Protoss - Winner!

Build Orders:  

Get SALT Encoding   

  12  0:01  Probe  
  13  0:13  Probe  
  14  0:21  Pylon  
  14  0:25  Probe  
  15  0:39  Probe  
  16  0:44  Gateway  
  16  0:51  Probe  
  16  0:53  Assimilator  
  17  1:02  Assimilator  
  17  1:03  Probe  
  18  1:15  Probe  
  19  1:21  Gateway  
  19  1:28  Probe  
  20  1:40  Cybernetics Core, Probe  
  21  1:52  Probe  
  22  2:04  Probe (Chrono Boost)  
  23  2:13  Warp Gate (Chrono Boost)  
  23  2:39  Probe (Chrono Boost)  
  22  2:50  Pylon  
  23  2:51  Probe (Chrono Boost)  
  23  3:08  Stalker x2, Probe  
  28  3:13  Gateway  
  28  3:16  Gateway  
  28  3:27  Cybernetics Core, Probe  
  29  4:01  Pylon  
  29  4:03  Pylon  
  29  4:18  Pylon  
  29  4:22  Gateway  
  29  4:25  Gateway  
  29  4:26  Stalker  
  29  4:27  Stalker  
  32  4:44  Forge  
  32  4:57  Stalker  
  32  4:58  Stalker  
  33  5:22  Stalker  
  33  5:23  Stalker  
  33  5:24  Stalker  
  33  5:25  Stalker  
  37  5:52  Stargate  
  35  5:58  Stalker x3  
  35  6:05  Stalker  
  29  6:24  Stalker  
  29  6:35  Stalker  
  29  6:37  Protoss Ground Weapons Level 1 (Chrono Boost)  
  31  6:49  Stalker  
  33  7:07  Stalker  
  33  7:08  Stalker  
  35  7:20  Stalker  
  35  7:21  Stalker  
  39  7:32  Stalker  
  41  7:58  Zealot x2  
  43  8:01  Void Ray (Chrono Boost)  
  45  8:05  Pylon  
  45  8:23  Stalker  
  45  8:24  Stalker  
  49  8:52  Nexus  
  49  9:03  Assimilator  
  41  9:40  Stalker, Void Ray (Chrono Boost)  
  41  9:41  Stalker x2  
  49  10:02  Stalker  
  52  10:11  Probe (Chrono Boost)  
  52  10:17  Probe (Chrono Boost)  
  52  10:20  Probe (Chrono Boost)  
  50  10:30  Probe  
  51  10:35  Stalker  
  51  10:36  Stalker  
  53  11:01  Probe (Chrono Boost)  
  53  11:07  Pylon, Probe (Chrono Boost)  
  53  11:08  Void Ray (Chrono Boost)  
  54  11:11  Probe (Chrono Boost)  
  54  11:15  Probe (Chrono Boost)  
  59  11:25  Probe  
  58  11:37  Probe  
  58  11:38  Probe  
  58  11:39  Void Ray (Chrono Boost)  
  58  11:49  Probe  
  63  11:55  Stargate  
  63  11:58  Stalker  
  63  12:01  Probe x2  
  65  12:13  Probe x2  
  67  12:25  Probe  
  68  12:36  Probe  
  69  12:37  Probe  
  69  12:38  Stalker x4  
Show
View Real Time Build Order
Export as new Build Order

ketchupfreak Protoss 

Build Orders:  

Get SALT Encoding   

  12  0:03  Probe  
  13  0:16  Probe (Chrono Boost)  
  14  0:28  Pylon, Probe (Chrono Boost)  
  15  0:46  Probe  
  16  0:58  Probe (Chrono Boost)  
  16  1:01  Forge  
  17  1:10  Probe (Chrono Boost)  
  18  1:18  Probe (Chrono Boost)  
  19  1:36  Pylon  
  19  1:43  Pylon  
  18  1:59  Probe  
  19  2:07  Photon Cannon  
  19  2:11  Probe  
  19  2:12  Pylon  
  19  2:15  Pylon  
  20  2:18  Pylon  
  20  2:20  Pylon  
  20  2:43  Pylon  
  20  3:03  Photon Cannon  
  20  3:06  Photon Cannon  
  20  3:07  Photon Cannon  
  20  3:09  Pylon  
  20  3:16  Photon Cannon x2  
  20  3:21  Pylon  
  20  3:29  Probe (Chrono Boost)  
  20  3:32  Photon Cannon  
  21  3:39  Pylon  
  22  3:41  Probe (Chrono Boost)  
  22  3:49  Probe (Chrono Boost)  
  23  4:03  Photon Cannon  
  23  4:05  Photon Cannon  
  23  4:10  Pylon  
  23  4:12  Probe (Chrono Boost)  
  24  4:17  Pylon  
  24  4:21  Probe (Chrono Boost)  
  24  4:22  Pylon  
  25  4:27  Photon Cannon  
  25  4:29  Photon Cannon  
  25  4:32  Pylon  
  25  4:36  Probe (Chrono Boost)  
  27  4:46  Probe (Chrono Boost)  
  27  4:51  Gateway, Probe  
  28  5:02  Photon Cannon  
  28  5:03  Probe  
  29  5:15  Photon Cannon  
  29  5:16  Probe  
  30  5:24  Photon Cannon  
  30  5:33  Pylon, Probe (Chrono Boost)  
  32  5:43  Probe (Chrono Boost)  
  32  5:48  Probe (Chrono Boost)  
  33  5:53  Cybernetics Core  
  33  5:55  Assimilator  
  33  6:01  Photon Cannon  
  33  6:02  Assimilator  
  33  6:08  Pylon  
  33  6:28  Pylon  
  33  6:43  Probe (Chrono Boost)  
  34  6:48  Photon Cannon  
  34  6:51  Photon Cannon  
  34  6:53  Probe (Chrono Boost)  
  35  6:58  Probe (Chrono Boost)  
  35  7:00  Nexus  
  36  7:09  Probe  
  36  7:10  Warp Gate  
  37  7:21  Probe  
  38  7:27  Pylon  
  38  7:32  Photon Cannon  
  38  7:34  Photon Cannon  
  38  7:36  Photon Cannon  
  38  7:42  Pylon  
  38  7:48  Shield Battery  
  38  7:55  Photon Cannon  
  38  8:01  Pylon  
  38  8:07  Protoss Shields Level 1 (Chrono Boost)  
  38  8:25  Photon Cannon  
  38  8:32  Pylon  
  38  8:34  Assimilator  
  38  8:37  Assimilator  
  38  8:41  Photon Cannon  
  38  8:42  Pylon  
  38  8:46  Shield Battery  
  38  8:50  Pylon  
  38  8:56  Pylon  
  38  9:02  Gateway  
  38  9:03  Gateway  
  38  9:08  Gateway  
  38  9:13  Pylon  
  38  9:23  Photon Cannon  
  38  9:26  Pylon  
  32  9:48  Pylon  
  31  10:04  Photon Cannon  
  31  10:06  Photon Cannon  
  31  10:08  Photon Cannon  
  31  10:09  Photon Cannon  
  31  10:20  Twilight Council  
  31  10:46  Nexus  
  5  11:41  Pylon  
  5  11:45  Pylon  
  3  12:26  Gateway  
  3  12:27  Probe (Chrono Boost)  
  5  12:38  Probe (Chrono Boost)  
  5  12:43  Probe (Chrono Boost)  
Tags
 
League
Diamond
Matchup
PvP
Spawn Locations
Cross Positions
Add a new tag
Caveats
  • Supply blocks, unpowered buildings, or Contaminate may cause inaccurate times.
  • Supply counts are checked every 10 seconds.